 Dungeon Crawl Stone Soup version 0.27-a0-32-g443bf2d2ca (webtiles) character file.

Game seed: 13790870161455385796

1578132 DerHolg the Slayer (level 27, 191/191 HPs)
             Began as a Gargoyle Fighter on Jan 1, 2021.
             Was the Champion of Okawaru.
             Escaped with the Orb
             ... and 3 runes on Jan 4, 2021!
             The game lasted 06:16:56 (83102 turns).

DerHolg the Slayer (Gargoyle Fighter)              Turns: 83102, Time: 06:16:57

Health: 191/191    AC: 69    Str: 27    XL:     27
Magic:  30/30      EV: 14    Int: 17    God:    Okawaru [******]
Gold:   2802       SH: 28    Dex: 19    Spells: 26/26 levels left

rFire    + + +     SeeInvis +   a - +4 demon whip of Youthful Indiscretion {pain, Will+ Int+2}
rCold    + . .     Faith    .   v - +8 kite shield "Mohurr" {rF+}
rNeg     + . .     Spirit   .   C - +9 gold dragon scales
rPois    ∞         Reflect  +   (helmet restricted)
rElec    +         Harm     .   Q - +2 cloak {Will+}
rCorr    .         Rampage  .   T - +2 pair of gloves {archery}
Will     +++++                  c - +2 pair of boots {Fly}
Stlth    ..........             U - amulet of reflection
HPRegen  0.41/turn              Y - ring "Itieruny" {Will+ Str+3 Dex+4}
MPRegen  0.22/turn              O - ring "Elun Uji" {rF+ Int+3 Dex+2 SInv Stlth+}

@: flying, very slightly contaminated
A: big wings, horns 1, thin metallic scales 1, camouflage 1, see invisible,
mutation resistance 1, negative energy resistance 1, screaming 1, electricity
resistance, weak 1, unbreathing, petrification resistance, miasma immunity, AC
+20
0: Orb of Zot
}: 3/15 runes: decaying, silver, gossamer
a: Stop Flying, Renounce Religion, Heroism, Finesse


You escaped.
You worshipped Okawaru.
Okawaru was exalted by your worship.
You visited 9 branches of the dungeon, and saw 47 of its levels.
You also visited: Bailey and Gauntlet.

You collected 7455 gold pieces.
You spent 4653 gold pieces at shops.

Inventory:

Hand Weapons
 a - the +4 demon whip of Youthful Indiscretion (weapon) {pain, Will+ Int+2}
   (Okawaru gifted it to you on level 2 of the Vaults)

   In the hands of one skilled in necromantic magic, it inflicts extra damage on
   living creatures.
   It affects your intelligence (+2).
   It affects your willpower, your defense against some magical effects.
 b - the +10 morningstar "Eos" {elec, Halo rElec}
   (Okawaru gifted it to you on level 4 of the Realm of Zot)

   Occasionally, upon striking a foe, it can discharge electrical energy and
   cause terrible harm.
   It insulates you from electricity.
Missiles
 f - 50 boomerangs (quivered)
 n - 7 boomerangs of dispersal
 r - 3 silver boomerangs
 y - 60 javelins
 A - 22 silver javelins
 V - 6 throwing nets
Armour
 c - a +2 pair of boots of flying (worn)
 l - a +2 helmet of see invisible
 v - the +8 kite shield "Mohurr" (worn) {rF+}
   (You found it on level 2 of the Spider Nest)

   It protects you from fire.
 C - +9 gold dragon scales (worn)
 H - a +0 cloak of preservation
 Q - a +2 cloak of willpower (worn)
 T - a +2 pair of gloves of archery (worn)
Jewellery
 m - the ring of Wuok {*Contam +Fly rC+++ MP+9 Str+6 Slay+2}
   (You acquired it on level 5 of the Depths)

   [ring of strength]

   It affects your strength (+6).
   It affects your accuracy and damage with ranged weapons and melee attacks
   (+2).
   It renders you almost immune to cold.
   It affects your magic capacity (+9).
   It lets you fly.
   It causes magical contamination when unequipped.
 u - an uncursed ring of protection from cold
 O - the ring "Elun Uji" (right hand) {rF+ Int+3 Dex+2 SInv Stlth+}
   (You took it off a tengu reaver on level 2 of the Depths)

   [ring of protection from fire]

   It affects your intelligence (+3).
   It affects your dexterity (+2).
   It protects you from fire.
   It lets you see invisible.
   It makes you more stealthy.
 U - an amulet of reflection (around neck)
 Y - the ring "Itieruny" (left hand) {Will+ Str+3 Dex+4}
   (You bought it in a shop on level 4 of the Depths)

   [ring of willpower]

   It affects your strength (+3).
   It affects your dexterity (+4).
   It affects your willpower, your defense against some magical effects.
Wands
 k - a wand of digging (7)
 p - a wand of acid (17)
 B - a wand of disintegration (61)
 F - a wand of iceblast (72)
 Z - a wand of paralysis (11)
Scrolls
 e - 14 scrolls of identify
 g - 5 scrolls of fog
 q - 22 scrolls of remove curse
 w - 6 scrolls of teleportation
 x - 5 scrolls of immolation
 z - 3 scrolls of summoning
 D - 7 scrolls of magic mapping
 E - 11 scrolls of enchant weapon
 K - 8 scrolls of blinking
 M - a scroll of silence
 S - 2 scrolls of fear
Potions
 d - 7 potions of might
 i - 2 potions of haste
 j - 10 potions of curing
 o - 2 potions of invisibility
 s - 6 potions of heal wounds
 G - 4 potions of resistance
 P - 2 potions of berserk rage
 R - 11 potions of ambrosia
 W - 3 potions of cancellation


   Skills:
 + Level 24.3 Fighting
 - Level 16.0 Maces & Flails
 - Level 16.0 Throwing
 + Level 24.2 Armour
 - Level 10.3 Dodging
 - Level 15.0 Shields
 - Level 20.0 Necromancy
 - Level 10.0 Invocations
 - Level 5.0 Evocations


You had 26 spell levels left.
You didn't know any spells.
Your spell library contained the following spells:

 Spells                   Type           Power        Failure   Level
 Animate Skeleton         Necr           100%         1%          1
 Pain                     Necr           100%         1%          1
 Vampiric Draining        Necr           30%          1%          3
 Animate Dead             Necr           30%          1%          4
 Agony                    Necr           61%          1%          5
 Excruciating Wounds      Necr           30%          1%          5
 Corpse Rot               Necr/Air       N/A          4%          2
 Death Channel            Necr           30%          8%          6
 Borgnjor's Vile Clutch   Necr/Erth      17%          65%         5
 Beastly Appendage        Tmut           0%           88%         1
 Corona                   Hex            0%           88%         1
 Foxfire                  Conj/Fire      0%           88%         1
 Magic Dart               Conj           0%           88%         1
 Sandblast                Erth           0%           88%         1
 Shock                    Conj/Air       0%           88%         1
 Sting                    Tmut/Pois      0%           88%         1
 Summon Small Mammal      Summ           0%           88%         1
 Blink                    Tloc           N/A          96%         2
 Call Imp                 Summ           0%           96%         2
 Ensorcelled Hibernation  Hex/Ice        0%           96%         2
 Passwall                 Tmut/Erth      0%           96%         2
 Poisonous Vapours        Pois/Air       0%           96%         2
 Searing Ray              Conj           0%           96%         2
 Slow                     Hex            0%           96%         2
 Swiftness                Air            0%           96%         2
 Wereblood                Tmut           0%           96%         2
 Call Canine Familiar     Summ           0%           99%         3
 Confusing Touch          Hex            0%           99%         3
 Conjure Flame            Conj/Fire      0%           99%         3
 Dazzling Flash           Conj/Hex       0%           99%         3
 Gell's Gravitas          Tloc           0%           99%         3
 Ignite Poison            Fire/Tmut/Pois 0%           99%         3
 Inner Flame              Hex/Fire       0%           99%         3
 Mephitic Cloud           Conj/Pois/Air  0%           99%         3
 Portal Projectile        Hex/Tloc       0%           99%         3
 Spider Form              Tmut/Pois      0%           99%         3
 Static Discharge         Conj/Air       0%           99%         3
 Stone Arrow              Conj/Erth      0%           99%         3
 Summon Guardian Golem    Hex/Summ       0%           99%         3
 Tukima's Dance           Hex            0%           99%         3
 Simulacrum               Ice/Necr       17%          99%         6
 Airstrike                Air            0%           100%        4
 Cause Fear               Hex            0%           100%        4
 Fulminant Prism          Conj/Hex       0%           100%        4
 Ice Form                 Ice/Tmut       0%           100%        4
 Iskenderun's Mystic Bla  Conj/Tloc      0%           100%        4
 Leda's Liquefaction      Hex/Erth       0%           100%        4
 Olgreb's Toxic Radiance  Pois           0%           100%        4
 Petrify                  Tmut/Erth      0%           100%        4
 Sticky Flame             Conj/Fire      0%           100%        4
 Summon Ice Beast         Ice/Summ       0%           100%        4
 Summon Lightning Spire   Summ/Air       0%           100%        4
 Blade Hands              Tmut           0%           100%        5
 Fireball                 Conj/Fire      0%           100%        5
 Lee's Rapid Deconstruct  Erth           0%           100%        5
 Lightning Bolt           Conj/Air       0%           100%        5
 Metabolic Englaciation   Hex/Ice        0%           100%        5
 Silence                  Hex/Air        0%           100%        5
 Summon Demon             Summ           0%           100%        5
 Summon Forest            Summ/Tloc      0%           100%        5
 Summon Mana Viper        Hex/Summ       0%           100%        5
 Yara's Violent Unravell  Hex/Tmut       0%           100%        5
 Conjure Ball Lightning   Conj/Air       0%           100%        6
 Dispersal                Tloc           0%           100%        6
 Freezing Cloud           Conj/Ice/Air   0%           100%        6
 Shadow Creatures         Summ           N/A          100%        6
 Starburst                Conj/Fire      0%           100%        6
 Dragon Form              Tmut           0%           100%        7
 Summon Hydra             Summ           0%           100%        7
 Discord                  Hex            0%           100%        8
 Disjunction              Tloc           0%           100%        8
 Ignition                 Fire           0%           100%        8
 Dragon's Call            Summ           0%           100%        9
 Tornado                  Air            0%           100%        9


Dungeon Overview and Level Annotations

Branches:
Dungeon (15/15)            Temple (1/1) D:4            Lair (6/6) D:8
  Swamp (4/4) Lair:2       Spider (4/4) Lair:2        Slime (0/5) Lair:6
    Orc (2/2) D:9             Elf (0/3) Orc:2        Vaults (5/5) D:14
  Crypt (0/3) Vaults:3     Depths (5/5) D:15            Zot (5/5) Depths:5
 Bailey (visited)         Gauntlet (visited)

Altars:
Ashenzari
Cheibriados
Dithmenos
Elyvilon
Fedhas
Gozag
Hepliaklqana
Kikubaaqudgha
Makhleb
Nemelex Xobeh
Okawaru
Qazlal
Ru
Sif Muna
Trog
Uskayaw
Vehumet
Wu Jian
Xom
Yredelemnul
Zin
The Shining One
Beogh
Lugonu

Shops:
D:10 !   D:11 *   Orc:2 !((}   Vaults:2 [   Vaults:3 :**!:   Vaults:5 [?!
Depths:2 *   Depths:4 (==}   Depths:5 }[?(

Portals:
Hell: Depths:1 Depths:2 Depths:3 Depths:4 Depths:5
Abyss: Depths:1 Depths:3 Depths:4
Pandemonium: Depths:1 Depths:3 Depths:4
Ziggurat: Depths:3

Annotations:
D:15 3 runed translucent doors, Cuesovok's ghost, journeyman NaBe
Lair:1 exclusion: oklob plant
Spider:3 3 runed translucent doors, ebering's ghost, adept OpVM
Vaults:1 1 transporter


Innate Abilities, Weirdness & Mutations

You are resistant to torment.
Your stone body is resilient. (AC +20)
You are immune to poison.
Your large and strong wings let you fly indefinitely.
You resist negative energy. (rN+)
You are resistant to electric shocks. (rElec)
You can survive without breathing.
You are immune to petrification.
You are immune to miasma.
You have a pair of small horns on your head.
You are partially covered in thin metallic scales. (AC +2)
Your skin changes colour to match your surroundings (Stealth+).
You have supernaturally acute eyesight. (SInv)
You are somewhat resistant to further mutation.
You occasionally shout uncontrollably at your foes.
You are weak. (Str -2)


Message History

Evoke which item? (* to show all) (? for menu, Esc to quit)
Aiming: Dig
Press: ? - help, Shift-Dir - straight line A rock wall.
This square is covered in magical glow.
The rock shatters into small pieces.
You feel yourself slow down.
There is a stone staircase leading up here.
You fly upwards.
There is a stone staircase leading down here.
You flicker for a moment.
There is an open door, spattered with blood here.
You see here a +0 club.
You flicker back into view.
You see here a stone.
You reach down and open the door.
There is an open door here.
There is an open door here.
There is a staircase leading out of the dungeon here.
You have escaped!

#####................#
#####................#####
........................>#
#####................###.#
#................# #.#####
#......#.........# #.#...#
########..⌠...⌠..# #.#.#.#
#...###...# #.#...#
#...'@#...###.##.##
#...###...##......####
#..⌠...⌠..##..........
#.........##.########.
###### #..##.............#
#. #....#
##.##.....##.####.# #.
#....# #)##.....##......#
#. #....#
#..#.............# #.
#....# ##.#####.#.......#
#.


There were no monsters in sight!

Vanquished Creatures
  3 ancient liches (Zot:5)
  6 orbs of fire
  2 juggernauts (Depths:4)
  4 Killer Klowns
  A curse toe (Zot:1)
  14 golden dragons
  A bone dragon (Swamp:4)
  Arachne (Spider:1)
  2 electric golems (Zot:5)
  Jorgrun (Swamp:2)
  21 tentacled monstrosities
  25 Orb Guardians
  5 liches
  9 titans
  5 quicksilver dragons
  10 sphinxes
  13 death cobs
  A sphinx (shapeshifter) (Depths:3)
  A thorn hunter (Swamp:1)
  10 shadow dragons
  Kirke (D:13)
  Donald (Swamp:1)
  16 storm dragons
  9 tengu reavers
  14 fire giants
  A fenstrider witch (Zot:5)
  An azure jelly (shapeshifter) (Vaults:5)
  9 draconian monks
  6 deep elf sorcerers
  7 ghost moths
  6 draconian scorchers
  13 frost giants
  12 vault wardens
  6 draconian knights
  4 emperor scorpions (Spider:4)
  2 juggernaut zombies
  6 iron dragons
  13 draconian shifters
  Louise (D:15)
  15 ironheart preservers
  A spriggan defender (Depths:4)
  4 war gargoyles
  33 stone giants
  22 very ugly things
  9 draconian stormcallers
  A juggernaut skeleton (Depths:3)
  5 draconian annihilators
  5 vampire knights
  Nessos (D:13)
  4 deep elf demonologists
  4 deep elf annihilators
  15 green draconians
  17 black draconians
  12 yellow draconians
  10 entropy weavers
  Azrael (D:14)
  10 purple draconians
  7 bunyips
  8 spark wasps
  13 white draconians
  A minotaur (Gauntlet)
  10 red draconians
  6 eleionomae
  Snorg (D:13)
  18 ettins
  Josephine (Lair:2)
  14 yaktaur captains
  6 deep elf high priests
  9 fire dragons
  A fire dragon (shapeshifter) (Vaults:5)
  4 deep elf death magi
  14 ogre magi
  The ghost of Racorph the Zephyrmancer, a journeyman TeAE of Vehumet (D:12)
  10 great orbs of eyes
  36 vault guards
  10 ice dragons
  4 spriggan air magi
  An anaconda (Swamp:2)
  15 hydras
  6 rakshasas
  Harold (Lair:2)
  3 ghost crabs
  8 boulder beetles
  A death knight (Vaults:2)
  38 two-headed ogres
  11 deep troll shamans
  8 centaur warriors
  9 alligators
  16 death yaks
  The ghost of Burana the Chiller, a novice DgIE (D:10)
  2 orc high priests
  2 tengu warriors
  11 deep troll earth magi
  5 spriggan berserkers
  4 deep elf knights
  Sonja (Orc:1)
  2 fire crabs
  6 spriggans
  7 skeletal warriors
  3 shadow wraiths
  5 unseen horrors
  10 hell knights
  7 iron trolls
  4 goliath frogs
  39 deep trolls
  5 glowing orange brains
  4 spriggan druids
  2 flayed ghosts (Depths:2)
  A wizard (Vaults:3)
  5 swamp dragons
  8 deep elf archers
  20 ironbrand convokers
  7 necromancers
  16 orc knights
  4 phantasmal warriors
  4 bog bodies
  A tengu zombie (Depths:3)
  A spectral hydra (Swamp:4)
  8 harpies
  5 orc sorcerers
  14 deep elf magi
  28 wolf spiders
  A shining eye (shapeshifter) (D:15)
  9 cyclopes
  14 orb spiders
  A manticore (D:12)
  45 ugly things
  A salamander (shapeshifter) (Depths:1)
  23 moths of wrath
  11 will-o-the-wisps
  Maurice (D:13)
  A moth of wrath (shapeshifter) (Vaults:3)
  A frost giant skeleton (Vaults:1)
  A black mamba (shapeshifter) (Vaults:2)
  6 elephants
  12 black mambas
  A guardian serpent (shapeshifter) (Depths:4)
  9 vault sentinels
  A stone giant skeleton (Depths:2)
  A torpor snail (Lair:6)
  6 cane toads
  A storm dragon simulacrum (Vaults:1)
  3 molten gargoyles (Lair:6)
  3 gargoyles
  3 swamp worm zombies (Swamp:4)
  A rime drake (Lair:4)
  12 komodo dragons
  11 demonic crawlers
  5 freezing wraiths
  45 yaktaurs
  3 hydra zombies (Swamp:4)
  A human skeleton (Vaults:1)
  A meliai (shapeshifter) (Vaults:3)
  A silent spectre (Vaults:1)
  9 tyrant leeches
  A bloated husk (Swamp:1)
  2 polar bears
  A tyrant leech (shapeshifter) (Vaults:5)
  9 tengu conjurers
  A jumping spider (shapeshifter) (D:15)
  31 jumping spiders
  A polar bear (shapeshifter) (Vaults:1)
  15 hornets
  6 trolls
  A wolf spider simulacrum (D:15)
  A snapping turtle (shapeshifter) (Depths:3)
  A raiju (Gauntlet)
  3 alligator zombies (Swamp:4)
  3 spectral swamp dragons (Swamp:4)
  29 slime creatures
  A dream sheep (shapeshifter) (Vaults:4)
  A stone giant simulacrum (Vaults:2)
  17 blink frogs
  6 large abominations
  76 redbacks
  A shadow (D:15)
  A centaur simulacrum (D:11)
  28 yaks
  A water elemental (D:14)
  An air elemental (D:14)
  A tarantella (shapeshifter) (Vaults:3)
  5 wraiths
  An ettin skeleton (Depths:2)
  31 tarantellas
  13 wyverns
  4 fire elementals (D:14)
  An elf zombie (Depths:3)
  A vampire (D:14)
  4 fire bats (Gauntlet)
  A human (D:9)
  8 basilisks
  A chaos spawn (Depths:3)
  13 vampire mosquitoes
  2 golden eyes (shapeshifter)
  14 small abominations
  3 steam dragons (Lair:6)
  A redback simulacrum (D:15)
  A human simulacrum (Vaults:1)
  4 wargs
  2 acid dragons
  15 water moccasins
  A soldier ant (D:14)
  14 swamp worms
  5 hell hounds
  64 orc warriors
  A black bear (shapeshifter) (Vaults:2)
  4 swamp dragon zombies (Swamp:4)
  A swamp drake (Swamp:1)
  12 ice beasts
  36 ogres
  7 sky beasts
  8 black bears
  5 phantoms (Swamp:4)
  5 boggarts
  4 eyes of draining
  6 wolves
  A tengu (shapeshifter) (D:15)
  25 centaurs
  20 bullfrogs
  5 big kobolds
  A gnoll sergeant (D:11)
  An earth elemental (D:14)
  An ogre simulacrum (Vaults:1)
  A wyvern skeleton (D:11)
  A hornet simulacrum (D:15)
  4 scorpions
  33 wights
  5 electric eels
  3 howler monkeys
  3 centaur zombies
  5 lava snakes (Lair:6)
  A quasit (D:12)
  3 bullfrog skeletons
  8 hounds
  28 orc priests
  7 centaur skeletons
  36 orc wizards
  5 jellies
  12 worker ants
  Natasha (thrice) (D:4)
  4 iguanas
  A spectral swamp drake (Swamp:4)
  A killer bee zombie (D:7)
  A bullfrog simulacrum (D:11)
  A hound zombie (D:8)
  3 worker ant zombies
  10 gnolls
  2 howler monkey skeletons
  3 swamp drake zombies (Swamp:4)
  12 adders
  2 shadow imps
  9 white imps
  A worker ant simulacrum (D:11)
  4 ufetubi
  An ooze (D:3)
  3 adder skeletons
  4 worms (D:2)
  3 dart slugs
  9 leopard geckos
  100 orcs
  2 ball pythons
  A bat skeleton (D:2)
  7 giant cockroaches
  13 goblins
  10 hobgoblins
  9 jackals
  45 kobolds
  4 quokkas
  7 bats
  7 frilled lizards
  A jackal zombie (D:2)
  A leopard gecko skeleton (D:4)
  3 leopard gecko zombies
  A quokka zombie (D:2)
  8 rats
  4 crawling corpses
2255 creatures vanquished.

Vanquished Creatures (others)
  Nikola (Swamp:4)
  An eldritch tentacle (Zot:3)
  A draconian scorcher (Zot:1)
  An emperor scorpion (Spider:1)
  2 ironheart preservers (Vaults:3)
  A will-o-the-wisp (Swamp:4)
  A demonic crawler (Spider:1)
  2 bloated husks (Swamp:1)
  6 humans (D:13)
  A swamp worm (Swamp:1)
  2 hell hounds (Lair:6)
  An orc priest (Vaults:4)
  A worker ant (shapeshifter) (Depths:4)
  2 orcs (Vaults:4)
  2 kobolds (D:14)
  A bush (D:8)
  A demonic plant (Gauntlet)
  39 foxfires
  17 fungi
  43 plants
  5 withered plants (D:2)
131 creatures vanquished.

Grand Total: 2386 creatures vanquished

Notes
Turn   | Place    | Note
-------+----------+-------------------------------------------
     0 | D:1      | DerHolg the Gargoyle Fighter began the quest for the Orb.
     0 | D:1      | Reached XP level 1. HP: 14/14 MP: 1/1
   123 | D:1      | Reached XP level 2. HP: 19/19 MP: 2/2
   279 | D:1      | Reached XP level 3. HP: 21/23 MP: 3/3
   862 | D:2      | Reached XP level 4. HP: 26/29 MP: 4/4
   954 | D:2      | Found a faded altar of an unknown god.
  1009 | D:2      | Reached skill level 1 in Dodging
  1030 | D:2      | Found an opulent altar of Gozag.
  1880 | D:3      | Reached XP level 5. HP: 33/33 MP: 5/5
  2334 | D:3      | Reached XP level 6. HP: 37/38 MP: 6/6
  2559 | D:4      | Found a staircase to the Ecumenical Temple.
  2577 | Temple   | Entered the Ecumenical Temple
  2603 | Temple   | Became a worshipper of Warmaster Okawaru
  3001 | D:4      | Reached skill level 1 in Throwing
  3001 | D:4      | Reached XP level 7. HP: 44/44 MP: 7/7
  3086 | D:4      | Noticed Natasha
  3096 | D:4      | Killed Natasha
  3231 | D:4      | Noticed Natasha
  3243 | D:4      | Killed Natasha
  3296 | D:4      | Reached * piety under Okawaru
  3384 | D:4      | Noticed Natasha
  3389 | D:4      | Killed Natasha
  3390 | D:4      | Reached skill level 5 in Maces & Flails
  3631 | D:5      | Entered Level 5 of the Dungeon
  3705 | D:5      | Reached skill level 5 in Shields
  3769 | D:5      | Reached skill level 5 in Fighting
  3769 | D:5      | Reached skill level 5 in Armour
  3769 | D:5      | Reached XP level 8. HP: 49/49 MP: 8/8
  3855 | D:5      | Reached ** piety under Okawaru
  4253 | D:5      | Found a snail-covered altar of Cheibriados.
  5509 | D:6      | Reached XP level 9. HP: 55/55 MP: 9/9
  5624 | D:6      | Reached *** piety under Okawaru
  6457 | D:7      | Reached skill level 1 in Invocations
  6693 | D:7      | Reached **** piety under Okawaru
  6748 | D:7      | Reached XP level 10. HP: 53/61 MP: 11/11
  6799 | D:7      | Identified a scroll of acquirement
  6799 | D:7      | Acquired a +0 helmet of see invisible
  7056 | D:8      | Noticed a two-headed ogre
  7067 | D:8      | Killed a two-headed ogre
  7156 | D:8      | Noticed a two-headed ogre
  7158 | D:8      | Reached ***** piety under Okawaru
  7164 | D:8      | Killed a two-headed ogre
  7233 | D:8      | Received a gift from Okawaru
  7380 | D:8      | Noticed a two-headed ogre
  7390 | D:8      | Killed a two-headed ogre
  7579 | D:8      | Reached skill level 5 in Throwing
  7584 | D:8      | Reached skill level 5 in Dodging
  7584 | D:8      | Reached XP level 11. HP: 61/68 MP: 12/14
  7788 | D:8      | Received a gift from Okawaru
  7986 | D:8      | Found a staircase to the Lair.
  8171 | D:9      | Noticed a two-headed ogre
  8186 | D:9      | Killed a two-headed ogre
  8341 | D:9      | Received a gift from Okawaru
  8342 | D:9      | Got an ancient demon trident {god gift}
  8533 | D:9      | Found a staircase to the Orcish Mines.
  8888 | D:10     | Entered Level 10 of the Dungeon
  8909 | D:10     | Noticed an unseen horror
  8922 | D:10     | Killed an unseen horror
  8922 | D:10     | Reached ****** piety under Okawaru
  8977 | D:10     | Found Ytodghu's Distillery.
  9040 | D:10     | Reached skill level 5 in Invocations
  9110 | D:10     | Found a runed translucent door.
  9110 | D:10     | Noticed Burana's ghost (novice DgIE)
  9191 | D:10     | Killed Burana's ghost
  9280 | D:10     | Noticed a two-headed ogre
  9292 | D:10     | Killed a two-headed ogre
  9292 | D:10     | Received a gift from Okawaru
  9295 | D:10     | Got a pair of dazzling boots {god gift}
  9300 | D:10     | Identified the +0 pair of boots of Nimobb {Harm rElec Will-
                  | Regen+} (Okawaru gifted it to you on level 10 of the
                  | Dungeon)
  9995 | D:11     | Found Atysem's General Store.
 10168 | D:11     | Noticed a two-headed ogre
 10181 | D:11     | Killed a two-headed ogre
 10182 | D:11     | Reached XP level 12. HP: 68/75 MP: 16/16
 10746 | Lair:1   | Entered Level 1 of the Lair of Beasts
 10945 | Lair:1   | Found a sacrificial altar of Ru.
 12204 | Lair:1   | Received a gift from Okawaru
 12297 | Lair:2   | Received a gift from Okawaru
 12409 | Lair:2   | Noticed a five-headed hydra
 12419 | Lair:2   | Killed a five-headed hydra
 12468 | Lair:2   | Noticed a six-headed hydra
 12477 | Lair:2   | Killed a six-headed hydra
 12558 | Lair:2   | Got an ichor-stained leather armour
 12629 | Lair:2   | Noticed Harold
 12684 | Lair:2   | Killed Harold
 12685 | Lair:2   | Reached XP level 13. HP: 70/81 MP: 18/18
 12960 | Lair:2   | Found a hole to the Spider Nest.
 13098 | Lair:2   | Found a staircase to the Swamp.
 13642 | Lair:3   | Reached skill level 10 in Maces & Flails
 13805 | Lair:3   | Identified the cursed +0 leather armour of Marbles {*Slow
                  | MP+9 Str+6 Stlth+} (You found it on level 2 of the Lair of
                  | Beasts)
 13946 | Lair:3   | Reached skill level 10 in Fighting
 14093 | Lair:3   | Reached skill level 10 in Armour
 14110 | Lair:3   | Reached skill level 10 in Shields
 14579 | Lair:4   | Received a gift from Okawaru
 17195 | Lair:6   | Entered Level 6 of the Lair of Beasts
 17278 | Lair:6   | Gained mutation: Your large and strong wings let you fly
                  | indefinitely. [Gargoyle growth]
 17278 | Lair:6   | Reached XP level 14. HP: 88/88 MP: 20/20
 17434 | Lair:6   | Found a staircase to the Slime Pits.
 17884 | Lair:6   | Received a gift from Okawaru
 17900 | Lair:6   | Got a crude morningstar {god gift}
 17906 | Lair:6   | Identified the +2 morningstar of the Thieving King {drain,
                  | rElec Dex+6} (Okawaru gifted it to you on level 6 of the
                  | Lair of Beasts)
 18800 | Lair:6   | Found a large runed translucent door.
 18800 | Lair:6   | Found a large runed translucent door.
 20060 | Orc:1    | Entered Level 1 of the Orcish Mines
 20062 | Orc:1    | Found a roughly hewn altar of Beogh.
 20065 | Orc:1    | Noticed Sonja
 20077 | Orc:1    | Killed Sonja
 20077 | Orc:1    | Received a gift from Okawaru
 20170 | Orc:1    | Found a flagged portal.
 20182 | Bailey   | Entered a bailey
 20390 | Bailey   | Found a burning altar of Makhleb.
 20658 | Orc:1    | Received a gift from Okawaru
 20805 | Orc:1    | Found a shimmering blue altar of Sif Muna.
 20830 | Orc:1    | Identified Sif Muna's Compendium of Confrontation
 20973 | Orc:2    | Entered Level 2 of the Orcish Mines
 21017 | Orc:2    | Found a gate leading to a gauntlet.
 21026 | Gauntlet | Entered a Gauntlet
 21026 | Gauntlet | Found a transporter.
 21026 | Gauntlet | Found a transporter.
 21240 | Gauntlet | Found a transporter.
 21243 | Gauntlet | Found a transporter.
 21253 | Gauntlet | Found a transporter.
 21255 | Gauntlet | Found a transporter.
 21264 | Gauntlet | Found a transporter.
 21282 | Gauntlet | Found a runed translucent gate.
 21283 | Gauntlet | Found a transporter.
 21283 | Gauntlet | Found a runed translucent gate.
 21284 | Gauntlet | Found a runed translucent gate.
 21301 | Gauntlet | Found a transporter.
 21305 | Gauntlet | Found a transporter.
 21313 | Gauntlet | Found a transporter.
 21317 | Gauntlet | Found a transporter.
 21748 | Gauntlet | Got a shimmering copper ring
 22124 | Gauntlet | Identified the ring "Dudibil" {+Blink Will+ MP+9 Int+7
                  | Slay-6} (You found it in a Gauntlet)
 22233 | Orc:2    | Found a staircase to the Elven Halls.
 22483 | Orc:2    | Reached XP level 15. HP: 63/95 MP: 22/22
 23060 | Orc:2    | Found Cuocsy's Weapon Shoppe.
 23060 | Orc:2    | Found Bomat's Antique Weapon Shop.
 23060 | Orc:2    | Found Abucud's Distillery.
 23064 | Orc:2    | Found Liehal's Gadget Emporium.
 23269 | Orc:2    | Gained mutation: You are weak. (Str -2) [a neqoxec]
 23676 | Orc:2    | Received a gift from Okawaru
 23981 | D:12     | Found a runed translucent door.
 23995 | D:12     | Noticed Racorph's ghost (journeyman TeAE)
 24022 | D:12     | Killed Racorph's ghost
 24462 | D:12     | Reached skill level 10 in Invocations
 24827 | D:13     | Noticed Kirke
 24843 | D:13     | Killed Kirke
 25175 | D:13     | Noticed Maurice
 25581 | D:13     | Noticed Snorg
 25584 | D:13     | Noticed Nessos
 25602 | D:13     | Killed Snorg
 25606 | D:13     | Killed Nessos
 25736 | D:13     | Killed Maurice
 26188 | D:14     | Received a gift from Okawaru
 26290 | D:14     | Found a gate to the Vaults.
 26332 | D:14     | Received a gift from Okawaru
 26870 | D:14     | Reached XP level 16. HP: 101/101 MP: 23/23
 26953 | D:14     | Received a gift from Okawaru
 27016 | D:14     | Noticed Azrael
 27317 | D:14     | Found a large runed translucent door.
 27317 | D:14     | Found a large runed translucent door.
 27475 | D:14     | Killed Azrael
 27843 | D:15     | Entered Level 15 of the Dungeon
 27861 | D:14     | Reached skill level 10 in Throwing
 28260 | D:15     | Found an opulent altar of Gozag.
 28591 | D:15     | Found a runed translucent gate.
 28592 | D:15     | Found a runed translucent gate.
 28592 | D:15     | Noticed Cuesovok's ghost (journeyman NaBe)
 28593 | D:15     | Found a runed translucent gate.
 28628 | D:15     | Noticed Louise
 28666 | D:15     | Killed Louise
 28913 | D:15     | Found a staircase to the Depths.
 28917 | D:15     | Gained mutation: Armour fits poorly on your strangely
                  | shaped body. [a shining eye]
 29306 | Spider:1 | Entered Level 1 of the Spider Nest
 29306 | Spider:1 | Noticed Josephine
 29356 | Lair:2   | Killed Josephine
 29969 | Spider:1 | Received a gift from Okawaru
 30644 | Spider:2 | Reached skill level 10 in Dodging
 30655 | Spider:2 | Noticed Arachne
 31377 | Spider:1 | Killed Arachne
 31540 | Spider:2 | Reached XP level 17. HP: 92/108 MP: 24/24
 31568 | Spider:2 | Received a gift from Okawaru
 31569 | Spider:2 | Got a translucent ring mail {god gift}
 31745 | Spider:1 | Identified the +1 ring mail of Laav Eke {Int+2} (Okawaru
                  | gifted it to you on level 2 of the Spider Nest)
 31939 | Spider:2 | Got a dazzling kite shield
 31960 | Spider:2 | Identified the +8 kite shield "Mohurr" {rF+} (You found it
                  | on level 2 of the Spider Nest)
 33418 | Spider:3 | Found a runed translucent gate.
 33419 | Spider:3 | Found a runed translucent gate.
 33419 | Spider:3 | Found a runed translucent gate.
 33424 | Spider:3 | Noticed ebering's ghost (adept OpVM)
 34181 | Spider:4 | Entered Level 4 of the Spider Nest
 34910 | Spider:4 | Received a gift from Okawaru
 36063 | Spider:4 | Got a gossamer rune of Zot
 36343 | Swamp:1  | Entered Level 1 of the Swamp
 36372 | Lair:2   | Reached XP level 18. HP: 51/116 MP: 25/25
 36806 | Swamp:1  | Received a gift from Okawaru
 37504 | Swamp:1  | Received a gift from Okawaru
 37505 | Swamp:1  | Got a pair of faintly humming boots {god gift}
 37506 | Swamp:1  | Identified the +0 pair of boots "Mijaur" {rCorr Str-4
                  | Dex+3} (Okawaru gifted it to you on level 1 of the Swamp)
 37539 | Swamp:1  | Noticed Donald
 37554 | Swamp:1  | Killed Donald
 37940 | Swamp:2  | Noticed Jorgrun
 38073 | Swamp:2  | Identified the cursed +0 morningstar of Tyongaqa {holy,
                  | rPois rC- Dex+5} (You found it on level 2 of the Swamp)
 38196 | Swamp:2  | Killed Jorgrun
 39369 | Swamp:4  | Entered Level 4 of the Swamp
 40086 | Swamp:4  | Received a gift from Okawaru
 40189 | Swamp:4  | Received a gift from Okawaru
 40252 | Swamp:4  | Noticed Nikola
 40273 | Swamp:4  | Killed Nikola
 40629 | Swamp:4  | Noticed a bone dragon
 41208 | Swamp:4  | Reached skill level 15 in Armour
 41221 | Swamp:4  | Reached XP level 19. HP: 123/123 MP: 26/26
 41335 | Swamp:4  | Reached skill level 15 in Shields
 41372 | Swamp:4  | Reached skill level 15 in Fighting
 41490 | Swamp:4  | Killed a bone dragon
 41491 | Swamp:4  | Reached skill level 1 in Evocations
 41541 | Swamp:4  | Got a decaying rune of Zot
 41898 | Vaults:1 | Entered Level 1 of the Vaults
 42376 | Vaults:1 | Noticed an Ice Fiend
 43183 | Vaults:1 | Received a gift from Okawaru
 43626 | Vaults:1 | You are sucked into a shaft and drop 1 floor!
 43633 | Vaults:2 | Received a gift from Okawaru
 43647 | Vaults:2 | Got an ancient demon whip {god gift}
 43662 | Vaults:1 | Identified the +4 demon whip of Youthful Indiscretion
                  | {pain, Will+ Int+2} (Okawaru gifted it to you on level 2 of
                  | the Vaults)
 44127 | Vaults:1 | Found a transporter.
 44178 | Vaults:1 | Found a bloodstained altar of Trog.
 44179 | Vaults:1 | Found the +8 Wrath of Trog {antimagic, *Rage}
 45274 | D:14     | Reached skill level 1 in Necromancy
 46020 | Vaults:2 | Found Vuladdaf's Antique Armour Shoppe.
 46064 | Vaults:2 | Received a gift from Okawaru
 46621 | Vaults:2 | Reached XP level 20. HP: 131/131 MP: 27/27
 46908 | Vaults:2 | Received a gift from Okawaru
 46909 | Vaults:2 | Reached skill level 5 in Evocations
 47358 | Vaults:2 | Reached skill level 15 in Maces & Flails
 48301 | Vaults:3 | Found Ymaketie's Book Shoppe.
 48357 | Vaults:3 | Received a gift from Okawaru
 48490 | Vaults:3 | Found the +8 orange crystal plate armour {Archmagi, Int+3
                  | Clar}
 48553 | Vaults:3 | Found Yjysuomipn's General Store.
 48558 | Vaults:3 | Bought 4 silver javelins for 182 gold pieces
 48558 | Vaults:3 | Bought a scroll of teleportation for 57 gold pieces
 48558 | Vaults:3 | Bought a scroll of teleportation for 57 gold pieces
 48700 | Vaults:3 | Received a gift from Okawaru
 48978 | Vaults:3 | Found a staircase to the Crypt.
 49085 | Vaults:3 | Received a gift from Okawaru
 49176 | Vaults:3 | Found Cillegge's Book Emporium.
 49386 | Vaults:3 | Found Jir Lamus's General Store.
 50476 | Vaults:3 | Found Ragargh's Distillery.
 50489 | Vaults:3 | Bought a potion of mutation for 160 gold pieces
 50489 | Vaults:3 | Lost mutation: Armour fits poorly on your strangely shaped
                  | body. [potion of mutation]
 50489 | Vaults:3 | Lost mutation: You are weak. (Str -2) [potion of mutation]
 50489 | Vaults:3 | Gained mutation: You have sharp toenails. [potion of
                  | mutation]
 50489 | Vaults:3 | Gained mutation: Your mind is acute. (Int +2) [potion of
                  | mutation]
 50489 | Vaults:3 | Gained mutation: Potions are less effective at restoring
                  | your health. [potion of mutation]
 50489 | Vaults:3 | Gained mutation: You are agile. (Dex +2) [potion of
                  | mutation]
 50948 | Vaults:3 | Reached skill level 5 in Necromancy
 51058 | Vaults:4 | Reached XP level 21. HP: 137/137 MP: 28/28
 51319 | Vaults:4 | Found a shimmering altar of Xom.
 51386 | Vaults:4 | Received a gift from Okawaru
 51654 | Vaults:4 | Received a gift from Okawaru
 51655 | Vaults:4 | Got an ancient ring mail {god gift}
 51656 | Vaults:4 | Identified the +1 ring mail "Qesonam" {+Inv} (Okawaru
                  | gifted it to you on level 4 of the Vaults)
 52852 | Depths:1 | Entered Level 1 of the Depths
 52947 | Depths:1 | Found a corrupted altar of Lugonu.
 52947 | Depths:1 | Found a one-way gate to the infinite horrors of the Abyss.
 52961 | Depths:1 | Found a broken altar of Ashenzari.
 53602 | Depths:1 | Found a gateway to Hell.
 53716 | Depths:1 | Found a one-way gate leading to the halls of Pandemonium.
 53952 | Depths:1 | Received a gift from Okawaru
 53962 | Depths:1 | Got a smoking hand crossbow {god gift}
 54247 | Depths:2 | Found Vavvirr's Assorted Antiques.
 54336 | Depths:2 | Acquired a manual of Necromancy
 54566 | Depths:2 | Reached XP level 22. HP: 127/145 MP: 29/29
 54573 | Depths:2 | Received a gift from Okawaru
 54758 | Depths:2 | Identified the cursed +2 short sword of the Goat {vorpal,
                  | Will+ Dex+2 Stlth+}
 54801 | Depths:2 | Identified the ring "Elun Uji" {rF+ Int+3 Dex+2 SInv
                  | Stlth+}
 55193 | Depths:2 | Reached skill level 10 in Necromancy
 55604 | Depths:2 | Reached skill level 15 in Throwing
 55896 | Depths:2 | Received a gift from Okawaru
 56557 | Depths:2 | Received a gift from Okawaru
 57479 | Depths:3 | Found a gateway to a ziggurat.
 57590 | Depths:3 | Reached XP level 23. HP: 81/152 MP: 30/30
 58160 | Depths:3 | Received a gift from Okawaru
 58581 | Depths:3 | Noticed a golden dragon
 58593 | Depths:3 | Killed a golden dragon
 58783 | Depths:3 | Identified the cursed +1 chain mail of the Lich-sworn
                  | {*Corrode +Inv Slay+3}
 59679 | Depths:4 | Received a gift from Okawaru
 59682 | Depths:4 | Got a pair of crude gloves {god gift}
 59936 | Depths:4 | Identified the +0 pair of gloves "Gemm" {-Cast rN++ Regen+
                  | MP+9} (Okawaru gifted it to you on level 4 of the Depths)
 60093 | Depths:4 | Noticed a juggernaut
 60162 | Depths:4 | Killed a juggernaut
 60747 | Depths:4 | Found Domir Huec's Gadget Shoppe.
 60747 | Depths:4 | Found Dytoaxef's Jewellery Boutique.
 60748 | Depths:4 | Found Deraj's Jewellery Boutique.
 60762 | Depths:4 | Bought an uncursed ring of protection from cold for 300
                  | gold pieces
 60938 | Depths:4 | Found Kaafuph's Weapon Boutique.
 61374 | Depths:4 | Noticed a golden dragon
 61384 | Depths:4 | Reached XP level 24. HP: 148/160 MP: 30/30
 61430 | Depths:4 | Received a gift from Okawaru
 61655 | Depths:4 | Noticed a juggernaut
 61667 | Depths:4 | Killed a juggernaut
 62001 | Depths:5 | Entered Level 5 of the Depths
 62185 | Depths:5 | Found a gate to the Realm of Zot.
 62661 | Depths:5 | Found Tolytzu's Armour Shoppe.
 62662 | Depths:5 | Found Woudoh's Weapon Emporium.
 62662 | Depths:5 | Found Jahes's Gadget Shoppe.
 62679 | Depths:5 | Found Xuolusuo's Magic Scroll Emporium.
 62685 | Depths:5 | Bought 3 scrolls of teleportation for 135 gold pieces
 62685 | Depths:5 | Bought a scroll of teleportation for 45 gold pieces
 63104 | Depths:5 | Received a gift from Okawaru
 63758 | Vaults:5 | Entered Level 5 of the Vaults
 63974 | Vaults:5 | Received a gift from Okawaru
 64190 | Vaults:5 | Reached skill level 15 in Necromancy
 64226 | Vaults:5 | Got a translucent morningstar {god gift}
 64407 | Vaults:5 | Identified the +7 morningstar "Wemiqup" {vorpal, rC- rN++
                  | Str+6 SInv}
 64410 | Vaults:5 | Identified the +6 spear "Gudwaly" {vorpal, rF+ rN++ Will+
                  | MP-9}
 64604 | Vaults:5 | Reached XP level 25. HP: 60/168 MP: 30/30
 64999 | Vaults:5 | Received a gift from Okawaru
 65148 | Vaults:5 | Identified the +5 scimitar "Nausemak" {freeze, rC+ Int+7
                  | Dex-5}
 65167 | Vaults:5 | Received a gift from Okawaru
 65336 | Vaults:5 | Identified the +1 morningstar of Duty {freeze, rF++ Will+++
                  | Int-5 Stlth+} (Okawaru gifted it to you on level 5 of the
                  | Vaults)
 65377 | Vaults:5 | Identified the +6 chain mail "Xumanyj" {rCorr SInv}
 65630 | Vaults:5 | Gained mutation: You do not regenerate when monsters are
                  | visible. [a neqoxec]
 65635 | Vaults:5 | Gained mutation: You are weak. (Str -2) [a neqoxec]
 66007 | Vaults:5 | Received a gift from Okawaru
 66148 | Vaults:5 | Got a silver rune of Zot
 66387 | Vaults:5 | Identified Sif Muna's Grimoire of Gliding Evil Arts
 66389 | Vaults:5 | Identified the Catalogue of the Cloudy Snowflakes
 66457 | Vaults:5 | Identified the Volume of Flight and Battle Magic
 67190 | Vaults:5 | Identified the Almanac of the Blaze and Black Arts
 67478 | Vaults:5 | Found Qaos's Antique Armour Emporium.
 67490 | Vaults:5 | Found Patiem's Magic Scroll Boutique.
 67494 | Vaults:5 | Bought a scroll of teleportation for 57 gold pieces
 67494 | Vaults:5 | Bought a scroll of acquirement for 988 gold pieces
 67938 | Vaults:5 | Found Dodwom's Distillery.
 67942 | Vaults:5 | Bought a potion of haste for 180 gold pieces
 67942 | Vaults:5 | Bought a potion of heal wounds for 90 gold pieces
 67942 | Vaults:5 | Bought a potion of heal wounds for 90 gold pieces
 67942 | Vaults:5 | Bought a potion of heal wounds for 90 gold pieces
 68015 | Vaults:5 | Upgraded the game from 0.27-a0-3-gcf006a40f5 to
                  | 0.27-a0-25-g087482e4d5
 68471 | Lair:4   | Upgraded the game from 0.27-a0-25-g087482e4d5 to
                  | 0.27-a0-32-g443bf2d2ca
 68615 | D:10     | Bought a potion of haste for 100 gold pieces
 68615 | D:10     | Bought a potion of cancellation for 80 gold pieces
 68615 | D:10     | Bought a potion of invisibility for 80 gold pieces
 68615 | D:10     | Bought a potion of heal wounds for 50 gold pieces
 68615 | D:10     | Bought a potion of heal wounds for 50 gold pieces
 68697 | Orc:2    | Bought a potion of invisibility for 120 gold pieces
 68697 | Orc:2    | Bought a potion of invisibility for 120 gold pieces
 68697 | Orc:2    | Bought a potion of haste for 150 gold pieces
 68915 | Depths:2 | Bought a scroll of fear for 98 gold pieces
 68915 | Depths:2 | Bought a scroll of teleportation for 84 gold pieces
 68915 | Depths:2 | Bought a scroll of blinking for 210 gold pieces
 68967 | Depths:4 | Bought the ring "Itieruny" {Will+ Str+3 Dex+4} for 560 gold
                  | pieces
 69265 | Vaults:3 | Bought a potion of cancellation for 160 gold pieces
 69265 | Vaults:3 | Bought a potion of curing for 60 gold pieces
 69265 | Vaults:3 | Bought a potion of curing for 60 gold pieces
 69265 | Vaults:3 | Bought 3 potions of might for 240 gold pieces
 69548 | Depths:5 | Acquired the ring of Wuok {*Contam +Fly rC+++ MP+9 Str+6
                  | Slay+2}
 69550 | Depths:5 | Acquired 628 gold pieces
 69577 | Zot:1    | Entered Level 1 of the Realm of Zot
 70181 | Zot:1    | Reached XP level 26. HP: 148/176 MP: 30/30
 70195 | Zot:1    | Received a gift from Okawaru
 70402 | Zot:1    | Received a gift from Okawaru
 70647 | Zot:1    | Noticed a Killer Klown
 70713 | Zot:1    | Killed a Killer Klown
 70713 | Zot:1    | Received a gift from Okawaru
 70976 | Zot:1    | Received a gift from Okawaru
 73630 | Zot:2    | Received a gift from Okawaru
 73646 | Zot:2    | Identified the +7 flail of the Grave {antimagic, rC+ Will+
                  | Int-4} (Okawaru gifted it to you on level 2 of the Realm of
                  | Zot)
 74674 | Zot:2    | Noticed a Killer Klown
 74693 | Zot:2    | Killed a Killer Klown
 75208 | Zot:3    | Reached XP level 27. HP: 184/184 MP: 30/30
 75989 | Zot:3    | Noticed an orb of fire
 75995 | Zot:3    | Gained mutation: You are frail. (-10% HP) [an orb of fire]
 76004 | Zot:3    | Gained mutation: You occasionally shout uncontrollably at
                  | your foes. [an orb of fire]
 76008 | Zot:3    | Gained mutation: Your body sometimes deteriorates upon
                  | taking damage. [an orb of fire]
 76009 | Zot:3    | Gained mutation: Your magical capacity is low. (-10% MP)
                  | [an orb of fire]
 76018 | Zot:3    | Killed an orb of fire
 76018 | Zot:3    | Received a gift from Okawaru
 76220 | Zot:3    | Lost mutation: Your body sometimes deteriorates upon taking
                  | damage. [potion of mutation]
 76220 | Zot:3    | Lost mutation: Your mind is acute. (Int +2) [potion of
                  | mutation]
 76220 | Zot:3    | Lost mutation: You are frail. (-10% HP) [potion of
                  | mutation]
 76794 | Zot:4    | Received a gift from Okawaru
 76795 | Zot:4    | Found the +10 morningstar "Eos" {elec, Halo rElec}
 77900 | Zot:4    | Received a gift from Okawaru
 78278 | Zot:5    | Entered Level 5 of the Realm of Zot
 78813 | Zot:5    | Acquired 677 gold pieces
 79697 | Zot:5    | Noticed an ancient lich
 79702 | Zot:5    | Killed an ancient lich
 79730 | Zot:5    | Received a gift from Okawaru
 79797 | Zot:5    | Noticed an orb of fire
 79802 | Zot:5    | Noticed an ancient lich
 79806 | Zot:5    | Gained mutation: You are very weak. (Str -4) [an orb of
                  | fire]
 79816 | Zot:5    | Killed an orb of fire
 79816 | Zot:5    | Received a gift from Okawaru
 79830 | Zot:5    | Killed an ancient lich
 80076 | Zot:5    | Noticed an orb of fire
 80086 | Zot:5    | Gained mutation: Your body sometimes deteriorates upon
                  | taking damage. [an orb of fire]
 80089 | Zot:5    | Killed an orb of fire
 80631 | Zot:5    | Noticed an orb of fire
 80637 | Zot:5    | Gained mutation: You sometimes yell uncontrollably at your
                  | foes. [an orb of fire]
 80642 | Zot:5    | Killed an orb of fire
 80657 | Zot:5    | Noticed an orb of fire
 80661 | Zot:5    | Gained mutation: You frequently scream uncontrollably at
                  | your foes. [an orb of fire]
 80668 | Zot:5    | Lost mutation: You are agile. (Dex +2) [an orb of fire]
 80672 | Zot:5    | Gained mutation: Armour fits poorly on your strangely
                  | shaped body. [an orb of fire]
 80674 | Zot:5    | Killed an orb of fire
 80693 | Zot:5    | Received a gift from Okawaru
 80699 | Zot:5    | Noticed an orb of fire
 80711 | Zot:5    | Gained mutation: You are dopey. (Int -2) [an orb of fire]
 80720 | Zot:5    | Gained mutation: Your body often deteriorates upon taking
                  | damage. [an orb of fire]
 80736 | Zot:5    | Gained mutation: Your spells are a little easier to cast,
                  | but a little less powerful. [an orb of fire]
 81254 | Zot:5    | Noticed an ancient lich
 81540 | Zot:5    | Killed an ancient lich
 81788 | Zot:5    | Received a gift from Okawaru
 81920 | Zot:5    | Gained mutation: Scrolls take you a little longer to read.
                  | [an orb of fire]
 81929 | Zot:5    | Killed an orb of fire
 82551 | Zot:5    | Lost mutation: You frequently scream uncontrollably at your
                  | foes. [potion of mutation]
 82551 | Zot:5    | Lost mutation: You are very weak. (Str -4) [potion of
                  | mutation]
 82551 | Zot:5    | Lost mutation: You are dopey. (Int -2) [potion of mutation]
 82551 | Zot:5    | Lost mutation: Your body often deteriorates upon taking
                  | damage. [potion of mutation]
 82551 | Zot:5    | Lost mutation: Your spells are a little easier to cast, but
                  | a little less powerful. [potion of mutation]
 82551 | Zot:5    | Gained mutation: Your skin changes colour to match your
                  | surroundings (Stealth+). [potion of mutation]
 82552 | Zot:5    | Lost mutation: Armour fits poorly on your strangely shaped
                  | body. [potion of mutation]
 82552 | Zot:5    | Lost mutation: You are weak. (Str -2) [potion of mutation]
 82552 | Zot:5    | Lost mutation: Scrolls take you a little longer to read.
                  | [potion of mutation]
 82552 | Zot:5    | Gained mutation: You are robust. (+10% HP) [potion of
                  | mutation]
 82553 | Zot:5    | Lost mutation: You have sharp toenails. [potion of
                  | mutation]
 82553 | Zot:5    | Lost mutation: You are robust. (+10% HP) [potion of
                  | mutation]
 82553 | Zot:5    | Lost mutation: You do not regenerate when monsters are
                  | visible. [potion of mutation]
 82553 | Zot:5    | Lost mutation: Your magical capacity is low. (-10% MP)
                  | [potion of mutation]
 82553 | Zot:5    | Gained mutation: Your natural rate of healing is unusually
                  | fast. [potion of mutation]
 82553 | Zot:5    | Gained mutation: You can translocate small distances at
                  | will. [potion of mutation]
 82553 | Zot:5    | Gained mutation: You are robust. (+10% HP) [potion of
                  | mutation]
 82554 | Zot:5    | Lost mutation: Your body sometimes deteriorates upon taking
                  | damage. [potion of mutation]
 82554 | Zot:5    | Lost mutation: You are robust. (+10% HP) [potion of
                  | mutation]
 82554 | Zot:5    | Lost mutation: Potions are less effective at restoring your
                  | health. [potion of mutation]
 82554 | Zot:5    | Gained mutation: You are occasionally teleported next to
                  | monsters. [potion of mutation]
 82554 | Zot:5    | Gained mutation: You are partially covered in thin metallic
                  | scales. (AC +2) [potion of mutation]
 82554 | Zot:5    | Gained mutation: You have supernaturally acute eyesight.
                  | (SInv) [potion of mutation]
 82555 | Zot:5    | Lost mutation: Your natural rate of healing is unusually
                  | fast. [potion of mutation]
 82555 | Zot:5    | Lost mutation: You sometimes yell uncontrollably at your
                  | foes. [potion of mutation]
 82555 | Zot:5    | Lost mutation: You are occasionally teleported next to
                  | monsters. [potion of mutation]
 82555 | Zot:5    | Lost mutation: You can translocate small distances at will.
                  | [potion of mutation]
 82555 | Zot:5    | Gained mutation: You are weak. (Str -2) [potion of
                  | mutation]
 82555 | Zot:5    | Gained mutation: You have a pair of small horns on your
                  | head. [potion of mutation]
 82555 | Zot:5    | Gained mutation: You are somewhat resistant to further
                  | mutation. [potion of mutation]
 82562 | Zot:5    | Got the Orb of Zot
 83102 | D:$      | Escaped with the Orb!

Illustrated notes

Levels and vault maps discovered:
D:1:      scummos_arrival_simple_fountains, layout_basic
D:2:      layout_rooms, chequers_ecumenical_altar_simple, serial_undead,
          serial_undead_b, serial_undead_d, serial_undead_f, serial_undead_d,
          corexii_corridor_pit, dk_noncrumbling_4, grunt_decor_clamped,
          grunt_gozag_breadcrumbs
D:3:      layout_rooms, kennysheep_generic_room_5
D:4:      layout_loops_cross, minmay_temple_entry_glass, minmay_bent,
          uniq_natasha
D:5:      layout_basic, lemuel_coloured_pillars_altar, serial_glass,
          glass_columns_a, glass_columns_a
D:6:      layout_gridville, hangedman_decor_opposing
D:7:      layout_rooms
D:8:      layout_gridville, minmay_lair_entry_grove, nicolae_ossuary_entry_ruins
D:9:      layout_basic, erik_orc_4, minmay_between
D:10:     layout_roguey, serial_shops, shop, gammafunk_ghost_grave
D:11:     layout_basic, serial_shops, shop, serial_ice, serial_ice_e,
          serial_ice_g, serial_ice_a, serial_ice_f
D:12:     layout_cave_pools, ebering_ghost_reflecting_pool
D:13:     layout_small_grid, uniq_kirke, uniq_maurice, uniq_snorg, uniq_nessos
D:14:     layout_roguey, grunt_vaults_entry_fortified,
          hangedman_decor_clover_reticule, lightli_elemental_guards, uniq_azrael
D:15:     gammafunk_enter_depths_forms, layout_cave_pools,
          gammafunk_ghost_split, old_standard_altar, uniq_louise
Temple:   grunt_wide_crystal_templ
Lair:1:   layout_cave_pods, basic_altar, dpeg_stationary_puzzle,
          minmay_lair_oklob_chamber, grunt_megastairs_2,
          infiniplex_staircase_pool_2, serial_bayou_shore_b
Lair:2:   layout_regular_city, minmay_swamp_entry_worms, spider_nest_entry_a,
          grunt_megastairs_3, uniq_harold
Lair:3:   layout_chaotic_city, fungi_pond_lemuel
Lair:4:   layout_regular_city, grunt_megastairs_5, infiniplex_staircase_pool,
          lemuel_fruit_fields
Lair:5:   layout_layer_cave, portal_ice_cave_entry_ice_beasts,
          grunt_megastairs_4, lemuel_fruit_tree, serial_bayou_shore_a,
          serial_bayou_shore_b
Lair:6:   cheibrodos_lair_end_hotspot, layout_concentric_octagons,
          minmay_slime_entry_pillars, chequers_serial_rivers_marsh
Swamp:1:  layout_basic_swamp, nicolae_swamp_dense_foliage, uniq_donald
Swamp:2:  layout_basic_swamp, evilmike_swamp_ruin_rubble_2, swamp_pool5,
          nicolae_swamp_snake_nest, uniq_jorgrun
Swamp:3:  layout_falls_marsh, evilmike_swamp_ruin_house_3
Swamp:4:  swamp_pestilence, layout_basic_swamp, uniq_nikola
Spider:1: layout_spider_delve, uniq_josephine
Spider:2: layout_spider_delve, nicolae_arachne_temple
Spider:3: layout_chambers, gammafunk_ghost_split
Spider:4: grunt_spider_rune_parallel
Orc:1:    layout_caves, basic_altar, enter_bailey_3, led_sif_book, uniq_sonja
Orc:2:    st_orc_rangers, layout_caves, gauntlet_entry_generic, mines4_lemuel
Vaults:1: v_alt_pattern_6, emtedronai_trogs_sanctum, nicolae_vaults_asterisk,
          vaults_dpeg_cross, vaults_mumra_lcd, hangedman_vaults_maws,
          vaults_room_semicircle, vaults_room_hallway, ontoclasm_vaults_fault,
          ontoclasm_vaults_ring_square, v_misc_32,
          nicolae_vaults_little_squares_4, hangedman_vaults_pinch, v_rooms_3,
          hangedman_vaults_corner, v_alt_pattern_4, vaults_dpeg_ring,
          layout_vaults_omnibox
Vaults:2: hangedman_vaults_stitches, hangedman_vaults_hat,
          nicolae_vaults_disjoint_gnomons, nicolae_vaults_three_branches,
          ontoclasm_vaults_decontamination, v_misc_27, ontoclasm_vaults_eye,
          v_misc_25, vaults_dpeg_hooks, nicolae_vaults_ring_of_whatevers,
          layout_vaults_omnigrid, serial_shops, shop
Vaults:3: v_misc_18, hangedman_vaults_stagger, vaults_room_stairs_pillars,
          nicolae_vaults_lopsided_apartments, vaults_room_fancy_cross,
          ontoclasm_vaults_pinch, minmay_crypt_entry_simple_plaza,
          nicolae_vaults_big_angled_halls, ontoclasm_vaults_misaligned,
          v_misc_10, layout_vaults_maze, serial_shops, shop, shop, shop, shop,
          shop
Vaults:4: grunt_vaults_swirl, nicolae_vaults_what_the_h,
          vaults_standard_mumra_enter_the_diamond, nicolae_vaults_theta,
          vaults_room_grid, v_misc_3, nicolae_vaults_alarming, vaults_mumra_hex,
          vaults_room_pools, nicolae_vaults_quartermaster,
          layout_vaults_big_room, basic_altar
Vaults:5
Depths:1: layout_roguey, kennysheep_boxes, abyss_entry_flame_altar,
          rand_demon_pan_entry_7, pf_vacation_house_of_asmodeus,
          roderic_roman_lattice, evilmike_ruin_ashenzari
Depths:2: minmay_complete_graph, layout_basic, serial_shops, nicolae_shop_trees,
          hell_entry, infiniplex_staircase_squiggle
Depths:3: minmay_two_paths, layout_basic, enter_ziggurat_d,
          rand_demon_pan_entry_8, minmay_room_of_horrors, hell_entry,
          minmay_misc_feat_plants, infiniplex_staircase_pool_1
Depths:4: cell_vault, layout_long_grid, serial_shops, nicolae_shop_behind_doors,
          pan_entry, abyss_entry_crystal, serial_glass, glass_columns_b,
          glass_columns_a, glass_columns_a, glass_columns_a, hell_entry,
          minmay_shop_grove, minmay_staircase_statues
Depths:5: grunt_zot_entry_funnels, layout_gridville, hell_entry,
          minmay_shoptagon
Zot:1:    grunt_deathspiral_small, layout_cathedral_of_symmetry
Zot:2:    layout_cathedral_of_symmetry, drop_trap, kennysheep_underground_church
Zot:3:    layout_misc_corridors
Zot:4:    layout_gridlike
Zot:5:    layout_onion

Skill      XL: |  1  2  3  4  5  6  7  8  9 10 11 12 13 14 15 16 17 18 19 20 21 22 23 24 25 26 27 |
---------------+----------------------------------------------------------------------------------+-----
Dodging        | 1 2 3 4 5 6 7 8 9 10 | 10.3
Maces & Flails | 3 4 5 6 7 8 9 10 11 12 13 14 15 16 | 16.0
Fighting       | 4 5 6 7 8 9 10 11 12 13 14 15 16 17 18 19 20 21 24 | 24.3
Armour         | 4 5 6 7 8 9 10 11 12 13 14 15 16 17 18 19 20 21 24 | 24.2
Shields        | 4 5 6 7 8 9 10 11 12 13 14 15 | 15.0
Throwing       | 1 2 4 5 6 7 8 9 10 11 12 13 14 15 16 | 16.0
Invocations    | 1 4 5 7 8 9 10 | 10.0
Evocations     | 4 5 |  5.0
Necromancy     | 2 5 8 12 13 15 17 18 20 | 20.0

Action                   |  1- 3 |  4- 6 |  7- 9 | 10-12 | 13-15 | 16-18 | 19-21 | 22-24 | 25-27 || total
-------------------------+-------+-------+-------+-------+-------+-------+-------+-------+-------++-------
Melee: Flail             |   146 |    91 |   232 |   710 |   764 |       |       |       |       ||  1943
       Whip              |       |   176 |   132 |       |       |       |       |       |       ||   308
       Morningstar       |       |       |       |       |  1114 |  2256 |   420 |    66 |     3 ||  3859
       Demon whip        |       |       |       |       |       |       |  2117 |  2140 |  2496 ||  6753
Throw: Boomerang         |       |     4 |    36 |    34 |    37 |   415 |   331 |   164 |   382 ||  1403
       Javelin           |       |       |       |       |       |       |       |       |    55 ||    55
Invok: Heroism           |       |       |       |     5 |     5 |     4 |     1 |     1 |     2 ||    18
 Abil: Fly               |       |       |       |       |     2 |     1 |       |     2 |       ||     5
       Stop Flying       |       |       |       |       |     1 |     1 |       |     2 |       ||     4
Evoke: Wand              |       |       |       |     9 |     8 |    11 |     1 |       |    11 ||    40
  Use: Scroll            |       |     5 |     8 |     7 |    11 |    20 |    12 |    19 |    23 ||   105
       Potion            |       |     3 |       |       |     2 |     6 |     5 |    11 |    16 ||    43
 Stab: Distracted        |       |       |       |       |       |       |       |     1 |       ||     1
Armor: Scale mail        |    74 |    80 |       |       |   389 |  1068 |   215 |       |       ||  1826
       Ring mail         |       |     2 |    88 |   162 |    34 |       |       |       |       ||   286
       Gold dragon scale |       |       |       |       |   212 |   107 |    58 |       |   533 ||   910
       Skin              |       |       |       |       |       |    10 |       |       |       ||    10
       Crystal plate arm |       |       |       |       |       |       |   204 |   743 |   172 ||  1119
Dodge: Dodged            |    39 |    54 |    74 |   199 |   525 |  1282 |   459 |   349 |   366 ||  3347
Block: Kite shield       |    73 |   106 |   233 |   488 |   792 |  2267 |  2032 |  1804 |  1784 ||  9579
       Reflection        |       |     6 |    12 |    14 |   156 |    67 |   141 |    77 |    57 ||   530
       Tower shield      |       |       |       |       |  1008 |  1465 |       |       |       ||  2473

Table legend: (Time is in decaauts)
 A = Elapsed time spent in this place.
 B = Non-inter-level travel time spent in this place.
 C = Inter-level travel time spent in this place.
 D = Time resting spent in this place.
 E = Time spent auto-exploring this place.
 F = Levels seen in this place.
 G = Mean time per level.
                   A        B        C        D        E       F      G
               +--------+--------+--------+--------+--------+-----+--------+
         Total |  79029 |  74288 |   4741 |  18263 |  34966 |  49 | 1612.8 |
       Dungeon |  18558 |  16764 |   1794 |   2704 |   8770 |  15 | 1237.2 |
        Temple |     85 |     73 |     12 |      0 |     64 |   1 |   85.0 |
          Lair |  10373 |   9626 |    747 |   1910 |   5565 |   6 | 1728.8 |
         Swamp |   4857 |   4575 |    282 |   1114 |   2226 |   4 | 1214.2 |
   Spider Nest |   6459 |   6307 |    152 |   1690 |   2752 |   4 | 1614.8 |
  Orcish Mines |   2526 |   2389 |    137 |    651 |   1002 |   2 | 1263.0 |
        Vaults |  12730 |  12101 |    629 |   3143 |   5108 |   5 | 2546.0 |
        Depths |  10060 |   9250 |    810 |   2391 |   4453 |   5 | 2012.0 |
           Zot |  12017 |  11841 |    176 |   4249 |   4469 |   5 | 2403.4 |
        Bailey |    274 |    274 |      0 |     71 |     83 |   1 |  274.0 |
      Gauntlet |   1087 |   1087 |      0 |    339 |    474 |   1 | 1087.0 |
               +--------+--------+--------+--------+--------+-----+--------+

Top non-repeatable levels by time:
Vaults:5: 3781 daAuts
    D:14: 3434 daAuts
   Zot:5: 3094 daAuts
Vaults:3: 2876 daAuts
Depths:2: 2852 daAuts
Vaults:2: 2743 daAuts
  Lair:6: 2717 daAuts
   Zot:1: 2686 daAuts
  Lair:2: 2438 daAuts
Depths:4: 2422 daAuts
   Zot:4: 2405 daAuts
   Zot:2: 2155 daAuts
  Lair:5: 1923 daAuts
Spider:3: 1899 daAuts
Vaults:1: 1888 daAuts
